 Dungeon Crawl Stone Soup version 0.27.1-3-gb3d3a73c9e (webtiles) character file.

Game seed: 10701088251515399024

29967 CyberSicko the Cleaver (level 13, -12/204 HPs)
             Began as a Troll Fighter on Oct 15, 2021.
             Was a High Priest of Elyvilon.
             Mangled by a merfolk impaler (15 damage)
             ... on level 2 of the Shoals on Oct 24, 2021.
             The game lasted 01:46:26 (11361 turns).

CyberSicko the Cleaver (Troll Fighter)             Turns: 11361, Time: 01:46:27

Health: -12/204    AC: 26    Str: 34    XL:     13   Next: 18%
Magic:  6/12       EV:  1    Int:  4    God:    Elyvilon [*****.]
Gold:   1697       SH: 18    Dex: 12    Spells: 11/12 levels left

rFire    . . .     SeeInvis .   a - +2 war axe (flame)
rCold    + . .     Faith    .   c - +1 kite shield
rNeg     + + +     Spirit   .   (armour currently unavailable)
rPois    +         Reflect  +   (helmet currently unavailable)
rElec    .         Harm     .   (cloak currently unavailable)
rCorr    .         Rampage  .   (gloves unavailable)
Will     .....     Rnd*Rage +   (boots unavailable) Stlth ++........NoTele +
                                A - amulet of reflection
HPRegen  1.44/turn              n - ring "Zoenweel" {Drain rC+ Str+6 Stlth+}
MPRegen  0.13/turn              y - +4 ring of evasion

@: mighty, tree-form, hasted, very quick
A: stationary, stasis, torment immunity, boosted hp, large, unfitting armour,
(claws 3), regeneration 1, (shaggy fur 1), (tough skin 1), berserk 1, low mp 1,
robust 1
a: Renounce Religion, Lesser Healing, Heal Other, Purification, Greater Healing,
Divine Vigour, Divine Protection


You were on level 2 of the Shoals.
You worshipped Elyvilon.
Elyvilon was extremely pleased with you.
You were a tree.
You visited 4 branches of the dungeon, and saw 15 of its levels.
You also visited: Bailey.

You collected 1697 gold pieces.

Inventory:

Hand Weapons
 a - a +2 war axe of flaming (weapon)
 b - a +0 hunting sling
 i - a +0 dagger of speed
Missiles
 g - 96 sling bullets
 t - 6 javelins (quivered)
Armour
 c - a +1 kite shield (worn)
 u - a +2 cloak (melded)
 J - a +2 robe of resistance (melded)
 V - a scarf of invisibility
 W - +0 steam dragon scales
 Z - a +1 hat (melded)
Jewellery
 e - a +4 ring of protection
 n - the ring "Zoenweel" (left branch) {Drain rC+ Str+6 Stlth+}
   (You acquired it on level 3 of the Lair of Beasts)

   [ring of strength]

   Str:       It affects your strength (+6).
   rC:        It protects you from cold.
   Drain:     It drains your maximum health when unequipped.
   Stlth:     It makes you more stealthy.
 o - an amulet of guardian spirit
 s - an amulet of regeneration
 y - a +4 ring of evasion (right branch)
 A - an amulet of reflection (around neck)
 B - a ring of flight
 L - a ring of positive energy
Wands
 j - a wand of digging (7)
Scrolls
 k - a scroll of fog
 p - 5 scrolls of identify
 r - a scroll of amnesia
 x - 2 scrolls of magic mapping
 E - a scroll of teleportation
 M - 2 scrolls of enchant weapon
 X - 2 scrolls of brand weapon
Potions
 l - 2 potions of curing
 C - 2 potions of lignification
 F - a potion of flight
 I - a potion of might
 K - a potion of cancellation
 S - a potion of magic
 Y - 2 potions of berserk rage
Miscellaneous
 G - a piece from Xom's chessboard (15/15)
 N - a piece from Xom's chessboard (15/15)
 O - a box of beasts (inert)


   Skills:
 + Level 7.0 Fighting
 * Level 13.4 Axes
 + Level 1.2(1.7) Slings
 + Level 2.9 Bows
 + Level 2.6(2.9) Throwing
 + Level 7.0 Dodging
 + Level 7.5 Shields
 + Level 2.9 Invocations
 + Level 2.7 Evocations


You had 11 spell levels left.
You knew the following spells:

 Your Spells              Type           Power      Damage    Failure   Level
a - Apportation           Tloc           0%         N/A       61%         1

Your spell library contained the following spells:

 Spells                   Type           Power      Damage    Failure   Level
 Beastly Appendage        Tmut           0%         N/A       61%         1
 Foxfire                  Conj/Fire      0%         2x1d4     61%         1
 Corpse Rot               Necr/Air       N/A        N/A       75%         2
 Poisonous Vapours        Pois/Air       0%         N/A       75%         2
 Wereblood                Tmut           0%         N/A       75%         2
 Call Canine Familiar     Summ           0%         N/A       93%         3
 Conjure Flame            Conj/Fire      0%         6-21      93%         3
 Inner Flame              Hex/Fire       0%         N/A       93%         3
 Spider Form              Tmut/Pois      0%         N/A       93%         3
 Petrify                  Tmut/Erth      0%         N/A       100%        4
 Alistair's Intoxication  Tmut/Pois      0%         N/A       100%        5
 Blade Hands              Tmut           0%         N/A       100%        5
 Freezing Cloud           Conj/Ice/Air   0%         6-21      100%        5
 Invisibility             Hex            0%         N/A       100%        6
 Malign Gateway           Summ/Tloc      0%         N/A       100%        7


Dungeon Overview and Level Annotations

Branches:
Dungeon (8/15)             Temple (1/1) D:7            Lair (4/6) D:8
 Shoals (2/4) Lair:4       Spider (0/4) Lair:4       Bailey (visited)

Altars:
Ashenzari
Cheibriados
Dithmenos
Elyvilon
Fedhas
Gozag
Hepliaklqana
Kikubaaqudgha
Makhleb
Nemelex Xobeh
Okawaru
Qazlal
Ru
Sif Muna
Trog
Uskayaw
Vehumet
Wu Jian
Xom
Yredelemnul
Zin
The Shining One

Shops:
D:3 :   D:4 **

Annotations:
Shoals:2 1 transporter, Zipteul's ghost, adept NaBe


Innate Abilities, Weirdness & Mutations

You are a tree.
Your roots penetrate the ground, keeping you stationary.
You cannot be teleported.
You are immune to unholy pain and torment.
Your maximum health is greatly increased.
Your equipment is partially melded.
You are too large for most types of armour.
((You have claws for hands.))
Your natural rate of healing is unusually fast.
((You are covered in fur. (AC +1)))
((You have tough skin. (AC +1)))
You tend to lose your temper in combat.
Your magical capacity is low. (-10% MP)
You are robust. (+10% HP)


Message History

You feel better.
The merfolk impaler hits you from afar with a +2 antimagic trident.
* * * LOW HITPOINT WARNING * * *
You feel your power leaking away.
Zipteul's ghost hits you but does no damage.
You feel very mighty all of a sudden.
The harpy screeches!
You hear a screech!
The merfolk javelineer throws a javelin.
The javelin pierces through you but does no damage.
You block the merfolk impaler's attack.
You slice Zipteul's ghost!! You burn Zipteul's ghost.
Zipteul's ghost is lightly damaged.
You slice the cyclops!! You burn the cyclops. You block the cyclops's attack.
You block the merfolk impaler's attack. You block Zipteul's ghost's attack.
The merfolk javelineer throws a javelin.
The javelin pierces through you.
* * * LOW HITPOINT WARNING * * *
You hit Zipteul's ghost but do no damage.
Zipteul's ghost is lightly damaged.
You hit the cyclops. You burn the cyclops.
The merfolk impaler hits you from afar with a +2 antimagic trident!
* * * LOW HITPOINT WARNING * * *
You feel your power leaking away.
You block the merfolk javelineer's attack.
You closely miss Zipteul's ghost.
Zipteul's ghost is lightly damaged.
You barely miss the cyclops.
Zipteul's ghost hits you but does no damage.
The merfolk impaler hits you but does no damage.
You block the cyclops's attack.
The merfolk javelineer throws a javelin.
The javelin pierces through you!
* * * LOW HITPOINT WARNING * * *
The merfolk javelineer hits you from afar with a +1 spear of venom.
* * * LOW HITPOINT WARNING * * *
You slash Zipteul's ghost! You burn Zipteul's ghost.
Zipteul's ghost is lightly damaged.
You slash the cyclops! You burn the cyclops.
The merfolk impaler hits you from afar with a +2 antimagic trident!
You die...

....≈≈≈≈ .. .... ..>...≈
## ?... ....... .##
≈.... ....(. .. ≈....
...... ## .# ≈.....
.....##.# #m##≈.....
.....#..##:$ #..#≈.....
....©#C...!_ #W♣#H.....
.....#...#!=...C.#......
.....##..#≈#(.mm##H....!
......# ## #.... ≈.....
......## #....# .....
.......###.©.## ..≈≈≈
.........#### ≈≈≈≈
...[.P...... ≈≈≈≈
.........≈≈≈


You could see a merfolk impaler, 2 merfolk javelineers, a cyclops, 2 harpies and
Zipteul's ghost.

Vanquished Creatures
  An orc warlord (Bailey)
  4 hydras
  A boulder beetle (Lair:4)
  4 death yaks
  2 sea snakes (Shoals:1)
  An orc knight (Bailey)
  A manticore (Shoals:2)
  A shining eye (D:6)
  A moth of wrath (Shoals:2)
  A faun (Shoals:2)
  3 black mambas
  2 merfolk sirens
  6 torpor snails (Lair:1)
  3 elephants (Lair:4)
  3 cane toads
  6 rime drakes
  6 komodo dragons
  A merfolk (Shoals:1)
  3 wind drakes (Shoals:1)
  2 polar bears (Lair:4)
  Grinder (D:6)
  9 blink frogs
  A shadow (D:7)
  6 yaks
  A wyvern (D:7)
  3 basilisks
  4 steam dragons
  8 water moccasins
  2 sky beasts
  A black bear (D:6)
  4 orc warriors
  2 ice beasts (D:6)
  3 ogres
  2 necrophages
  11 wolves (Lair:3)
  3 centaurs
  A phantom (D:6)
  2 water moccasin zombies
  6 bullfrogs
  A scorpion (Lair:2)
  A wyvern zombie (D:6)
  A wyvern skeleton (D:7)
  10 killer bees
  A water moccasin skeleton (D:7)
  3 wights (D:8)
  2 howler monkeys (D:6)
  3 electric eels (D:6)
  A bullfrog zombie (D:6)
  A hound (D:5)
  2 orc priests (D:6)
  A bullfrog skeleton (D:6)
  An iguana (D:6)
  6 orc wizards
  A scorpion zombie (D:5)
  Natasha (thrice) (D:3)
  A hell rat (Lair:3)
  A killer bee zombie (D:7)
  3 howler monkey zombies
  8 adders
  A gnoll (Bailey)
  A white imp (D:8)
  An adder skeleton (D:4)
  2 worms (D:2)
  4 dart slugs
  19 orcs
  12 ball pythons
  6 bats
  8 endoplasms
  3 giant cockroaches (D:1)
  10 goblins
  9 hobgoblins
  18 kobolds
  3 quokkas
  2 frilled lizards (D:3)
  23 rats
295 creatures vanquished.

Vanquished Creatures (collateral kills)
  A rime drake (Shoals:1)
1 creature vanquished.

Vanquished Creatures (others)
  A frilled lizard (D:3)
  A rat (D:4)
  23 fungi
  44 plants
69 creatures vanquished.

Grand Total: 365 creatures vanquished

Notes
Turn   | Place    | Note
-------+----------+-------------------------------------------
     0 | D:1      | CyberSicko the Troll Fighter began the quest for the Orb.
     0 | D:1      | Reached XP level 1. HP: 22/22 MP: 0/0
   141 | D:1      | Found a faded altar of an unknown god.
   153 | D:1      | Became a worshipper of Elyvilon the Healer
   153 | D:1      | Reached * piety under Elyvilon
   209 | D:1      | Reached XP level 2. HP: 29/29 MP: 1/1
   615 | D:1      | Reached skill level 2 in Axes
   923 | D:2      | Reached XP level 3. HP: 36/36 MP: 2/2
   956 | D:2      | Reached ** piety under Elyvilon
  1663 | D:3      | Found Detraruint's Book Shoppe.
  1687 | D:3      | Reached *** piety under Elyvilon
  1727 | D:3      | Reached XP level 4. HP: 44/44 MP: 3/3
  1807 | D:3      | Noticed Natasha
  1819 | D:3      | Killed Natasha
  1860 | D:3      | Noticed Natasha
  1871 | D:3      | Killed Natasha
  1872 | D:3      | Reached skill level 3 in Axes
  2140 | D:3      | Noticed Natasha
  2160 | D:3      | Killed Natasha
  2161 | D:3      | Reached XP level 5. HP: 46/52 MP: 4/4
  2246 | D:3      | Got the Almanac of Companions and Moulding
  2604 | D:3      | Found a shimmering blue altar of Sif Muna.
  2683 | D:4      | Gained mutation: Your mind is acute. (Int +2) [potion of
                  | mutation]
  2683 | D:4      | Gained mutation: You are robust. (+10% HP) [potion of
                  | mutation]
  2924 | D:4      | Noticed a necrophage
  2933 | D:4      | Killed a necrophage
  2934 | D:4      | Reached XP level 6. HP: 63/64 MP: 5/5
  3126 | D:4      | Learned a level 1 spell: Apportation
  3233 | D:4      | Reached skill level 4 in Axes
  3238 | D:4      | Found Isiufaif's Specific Store.
  3240 | D:4      | Found Zoutiov's General Store.
  3462 | D:5      | Entered Level 5 of the Dungeon
  3625 | D:5      | Reached XP level 7. HP: 64/73 MP: 6/6
  3685 | D:5      | Elyvilon protects you from harm!
  3860 | D:5      | Reached skill level 5 in Axes
  4143 | D:6      | Noticed Grinder
  4143 | D:6      | Paralysed by Grinder for 3 turns
  4167 | D:6      | Killed Grinder
  4168 | D:6      | Reached skill level 6 in Axes
  4168 | D:6      | Reached XP level 8. HP: 82/82 MP: 7/7
  4333 | D:6      | Reached **** piety under Elyvilon
  4364 | D:6      | Reached skill level 1 in Throwing
  4436 | D:6      | Found a sparkling altar of Nemelex Xobeh.
  4436 | D:6      | Found a glowing golden altar of the Shining One.
  4436 | D:6      | Found a snail-covered altar of Cheibriados.
  4436 | D:6      | Found a basalt altar of Yredelemnul.
  4446 | D:6      | Found a white marble altar of Elyvilon.
  4472 | D:6      | Reached skill level 7 in Axes
  4711 | D:6      | Reached XP level 9. HP: 88/92 MP: 6/8
  4814 | D:6      | Noticed a boulder beetle
  4816 | D:6      | Noticed an ice dragon
  4816 | D:6      | a boulder beetle changed into an ice dragon
  4818 | D:6      | Noticed a spark wasp
  4818 | D:6      | an ice dragon changed into a spark wasp
  4821 | D:6      | Noticed a shining eye
  4821 | D:6      | a spark wasp changed into a shining eye
  4827 | D:6      | Gained mutation: You tend to lose your temper in combat. [a
                  | shining eye]
  4831 | D:6      | Lost mutation: Your mind is acute. (Int +2) [a shining eye]
  4833 | D:6      | Gained mutation: Your magical capacity is low. (-10% MP) [a
                  | shining eye]
  4837 | D:6      | Killed a shining eye
  4838 | D:6      | Reached skill level 8 in Axes
  5000 | D:6      | Reached skill level 1 in Evocations
  5005 | D:6      | HP: 4/92 [electric eel/bolt of electricity (7)]
  5294 | D:7      | Reached skill level 1 in Bows
  5356 | D:7      | Found a staircase to the Ecumenical Temple.
  5380 | Temple   | Entered the Ecumenical Temple
  5613 | D:7      | Found a flagged portal.
  5651 | Bailey   | Entered a bailey
  5656 | Bailey   | Noticed an orc warlord
  5741 | Bailey   | Noticed an orc knight
  5772 | Bailey   | Killed an orc knight
  5817 | Bailey   | Found a runed translucent gate.
  5817 | Bailey   | Found a runed translucent gate.
  5827 | Bailey   | Found a runed translucent gate.
  5850 | Bailey   | Reached skill level 5 in Dodging
  5916 | Bailey   | Killed an orc warlord
  5917 | Bailey   | Reached skill level 9 in Axes
  5917 | Bailey   | Reached XP level 10. HP: 60/103 MP: 8/8
  6161 | D:7      | Reached skill level 5 in Fighting
  6556 | D:8      | Reached skill level 10 in Axes
  6901 | D:8      | Reached ***** piety under Elyvilon
  7240 | D:8      | Found a staircase to the Lair.
  7247 | Lair:1   | Entered Level 1 of the Lair of Beasts
  7298 | Lair:1   | Noticed a cane toad
  7310 | Lair:1   | Killed a cane toad
  7419 | Lair:1   | Noticed a torpor snail
  7432 | Lair:1   | Killed a torpor snail
  7433 | Lair:1   | Reached skill level 5 in Shields
  7436 | Lair:1   | Found a snail-covered altar of Cheibriados.
  7437 | Lair:1   | Noticed a torpor snail
  7441 | Lair:1   | Killed a torpor snail
  7441 | Lair:1   | Noticed a torpor snail
  7442 | Lair:1   | Noticed a torpor snail
  7452 | Lair:1   | Killed a torpor snail
  7460 | Lair:1   | Killed a torpor snail
  7461 | Lair:1   | Reached XP level 11. HP: 103/114 MP: 9/9
  7821 | Lair:1   | Found a frozen archway.
  8039 | Lair:1   | Reached skill level 11 in Axes
  8630 | Lair:2   | Reached ****** piety under Elyvilon
  8637 | Lair:3   | Noticed a six-headed hydra
  8665 | Lair:3   | Acquired the ring "Zoenweel" {Drain rC+ Str+6 Stlth+}
  8666 | Lair:3   | Acquired 601 gold pieces
  8672 | Lair:3   | Killed a one-headed hydra
  8823 | Lair:3   | Noticed a five-headed hydra
  8823 | Lair:3   | Noticed a death yak
  8851 | Lair:3   | Noticed a seven-headed hydra
  8863 | Lair:3   | Killed a four-headed hydra
  9072 | Lair:3   | Killed a one-headed hydra
  9081 | Lair:3   | Reached skill level 1 in Invocations
  9221 | Lair:3   | Reached XP level 12. HP: 116/125 MP: 10/10
  9238 | Lair:3   | Reached skill level 12 in Axes
  9463 | Lair:3   | Killed a death yak
  9997 | Lair:4   | Noticed a five-headed hydra
 10007 | Lair:4   | Killed a one-headed hydra
 10039 | Lair:4   | Noticed a death yak
 10040 | Lair:4   | Noticed a death yak
 10044 | Lair:4   | Noticed a death yak
 10061 | Lair:4   | Killed a death yak
 10062 | Lair:4   | Reached skill level 1 in Slings
 10066 | Lair:4   | Killed a death yak
 10067 | Lair:4   | Killed a death yak
 10297 | Lair:4   | Reached skill level 13 in Axes
 10307 | Lair:4   | Found a dark tunnel.
 10359 | Lair:4   | Noticed a boulder beetle
 10375 | Lair:4   | Found a blossoming altar of Fedhas.
 10408 | Lair:4   | Killed a boulder beetle
 10447 | Lair:4   | Found a hole to the Spider Nest.
 10660 | Lair:4   | Found a staircase to the Shoals.
 10697 | Shoals:1 | Entered Level 1 of the Shoals
 10804 | Shoals:1 | Reached XP level 13. HP: 104/135 MP: 7/12
 10969 | Shoals:1 | Noticed a merfolk javelineer
 11129 | Shoals:2 | Found a transporter.
 11347 | Shoals:2 | Found a bloodstained altar of Trog.
 11350 | Shoals:2 | Noticed a merfolk javelineer
 11350 | Shoals:2 | Noticed a merfolk javelineer
 11350 | Shoals:2 | Found a transporter.
 11351 | Shoals:2 | Noticed Zipteul's ghost (adept NaBe)
 11353 | Shoals:2 | Noticed a merfolk impaler
 11360 | Shoals:2 | HP: 4/204 [merfolk javelineer/javelin (9)]
 11361 | Shoals:2 | Mangled by a merfolk impaler

Illustrated notes

Levels and vault maps discovered:
D:1:      dpeg_arrival_connections, layout_basic,
          chequers_ecumenical_altar_simple_redux, minmay_worlds_worst_comb
D:2:      layout_basic, chequers_serial_rivers_micro_d, kennysheep_boxes
D:3:      minmay_chambers_of_twos, layout_basic, led_sif_book, serial_shops,
          shop, roderic_roman_lattice, minmay_joined_circles, uniq_natasha
D:4:      layout_basic, nicolae_specific_store, minmay_rat_hole
D:5:      layout_rooms
D:6:      cheibrodos_two_vegetables, layout_basic, grunt_temple_overflow_open,
          uniq_grinder
D:7:      layout_loops_ring, minmay_temple_entry_large_hall, enter_bailey_2,
          hellmonk_bongcloud_opening, hangedman_decor_push,
          minmay_increasing_density
D:8:      layout_basic, dpeg_oklobed_lair
Temple:   regret_index_temple_sphere_string
Lair:1:   layout_cave_pods, portal_ice_cave_entry_pillars_2,
          kennysheep_snail_temple, infiniplex_staircase_pool_2
Lair:2:   layout_long_grid, special_room [special_room_bee]
Lair:3:   nzn_winding_woodlands_small [nzn_winding_woodlands_5x15_default,
          nzn_winding_woodlands_center_pierced_h,
          nzn_winding_woodlands_5x15_river_crossing], layout_cellular_growth
Lair:4:   layout_hall_layers, elwin_shoals_entry_rooms,
          nicolae_spider_entry_tight_spaces, basic_altar, enter_volcano_2,
          beast_lair_carwin_10
Shoals:1: layout_shoals, nicolae_shoals_drake_roost
Shoals:2: layout_shoals, gammafunk_ghost_wrathful_warriors, serial_shops,
          nicolae_stop_n_shop_2, nicolae_shoals_c_island

Skill      XL: |  1  2  3  4  5  6  7  8  9 10 11 12 13 |
---------------+----------------------------------------+-----
Axes           | 2 3 4 6 7 9 10 11 13 | 13.4
Dodging        | 3 4 5 6 7 |  7.0
Shields        | 3 4 5 6 7 |  7.5
Fighting       | 3 4 5 6 7 |  7.0
Throwing       | 1 2 |  2.6
Evocations     | 1 2 |  2.7
Bows           | 2 |  2.9
Invocations    | 1 2 |  2.9
Slings         | 1 |  1.2

Action                   |  1- 3 |  4- 6 |  7- 9 | 10-12 | 13-15 || total
-------------------------+-------+-------+-------+-------+-------++-------
Melee: War axe           |   115 |   162 |   235 |   465 |    67 ||  1044
       Dagger            |       |       |     1 |       |       ||     1
 Fire: Shortbow          |       |       |    51 |       |       ||    51
       Hunting sling     |       |       |       |    15 |       ||    15
Throw: Stone             |    24 |     1 |     1 |    26 |       ||    52
       Javelin           |     1 |    19 |     7 |    27 |     2 ||    56
Invok: Heal Other        |       |     5 |     8 |    18 |       ||    31
       Divine Protection |       |       |     1 |       |       ||     1
       Divine Vigour     |       |       |       |     2 |       ||     2
Evoke: Wand              |       |     2 |    34 |    32 |       ||    68
       Box of beasts     |       |       |       |     1 |     1 ||     2
  Use: Potion            |     2 |     4 |     5 |     5 |     4 ||    20
       Scroll            |     3 |     8 |     3 |    10 |     2 ||    26
 Stab: Sleeping          |     1 |       |       |     1 |     1 ||     3
       Invisible         |       |       |     3 |       |       ||     3
Armor: Robe              |    37 |    64 |   106 |   124 |     5 ||   336
       Skin              |       |       |       |    25 |     6 ||    31
Dodge: Dodged            |    34 |    66 |   199 |   223 |    22 ||   544
Block: Kite shield       |    45 |    70 |   130 |   404 |    45 ||   694
       Reflection        |       |       |       |     4 |     1 ||     5
